 Dungeon Crawl Stone Soup version 0.30-a0-719-gcc4359ea44 (webtiles) character file.

Game seed: 10560683223801775982

2962 Newt the Cudgeller (level 9, -16/65 HPs)
             Began as a Demonspawn Gladiator on Jan 26, 2023.
             Was a Priest of Qazlal.
             Demolished by a two-headed ogre
             ... wielding a +0 giant club
              (21 damage)
             ... on level 7 of the Dungeon.
             The game lasted 00:07:04 (5423 turns).

Newt the Cudgeller (Demonspawn Gladiator)           Turns: 5423, Time: 00:07:04

Health: -16/65     AC:  5    Str: 18    XL:     9   Next: 52%
Magic:  13/13      EV: 12    Int:  9    God:    Qazlal [***...]
Gold:   291        SH:  8    Dex: 16    Spells: 8/8 levels left

rFire   . . .      SeeInvis +    l - +1 club (spect)
rCold   . . .      Faith    .    r - +0 buckler
rNeg    . . .      Spirit   .    b - +0 leather armour
rPois   .          Reflect  .    (helmet restricted)
rElec   .          Harm     .    (no cloak)
rCorr   .          Rampage  .    (no gloves)
Will    .....                    (no boots)
Stlth   +                        (no amulet)
HPRegen 0.30/turn                h - ring of see invisible
MPRegen 0.26/turn                (no ring)

@: no status effects
A: antennae 1, thin metallic scales 1, spiny 2, magic regeneration
a: Renounce Religion, Upheaval, Elemental Force


You were on level 7 of the Dungeon.
You worshipped Qazlal.
Qazlal was most pleased with you.
You visited 1 branch of the dungeon, and saw 7 of its levels.

You collected 291 gold pieces.

Inventory:

Hand Weapons
 a - a +0 rapier
 l - a +1 spectral club (weapon)
 m - the +2 flail "Xoig" {drain, Contam +Blink Int+5 Stlth+}
   (You found it on level 2 of the Dungeon)

   Int:       It affects your intelligence (+5).
   +Blink:    It lets you blink.
   Contam:    It causes magical contamination when unequipped.
   Stlth:     It makes you more stealthy.
Missiles
 d - 6 throwing nets (quivered)
 e - 3 javelins
 p - 8 boomerangs
 q - 2 poisoned darts
 y - 2 silver javelins
Armour
 b - a +0 leather armour (worn)
 c - a +0 helmet
 g - the +1 helmet of the Planets {rElec Regen+ rCorr Str-2}
   (You acquired it on level 2 of the Dungeon)

   Str:       It affects your strength (-2).
   rElec:     It insulates you from electricity.
   Regen:     It increases your rate of health regeneration.
   rCorr:     It protects you from acid and corrosion.
 r - a +0 buckler (worn)
Jewellery
 h - a ring of see invisible (left hand)
Wands
 t - a wand of flame (28)
Scrolls
 u - a scroll of immolation {unknown}
 w - a scroll of amnesia
 x - a scroll of poison
 B - a scroll of identify
 C - a scroll of teleportation
Potions
 f - 2 potions of lignification
 i - a potion of might
 j - a potion of magic
 k - a potion of curing
 n - a potion of cancellation
 o - 2 potions of brilliance
 s - 2 potions of attraction
 v - a potion of berserk rage
 z - a potion of mutation {unknown}
 A - a potion of invisibility {unknown}


   Skills:
 - Level 4.0 Fighting
 - Level 2.6 Short Blades
 + Level 7.2 Maces & Flails
 - Level 1.7 Throwing
 - Level 6.0 Armour
 - Level 2.6 Dodging
 - Level 2.0 Stealth
 - Level 6.0 Invocations
 - Level 5.0 Evocations


You had 8 spell levels left.
You didn't know any spells.
Your spell library contained the following spells:

 Spells                   Type           Power      Damage    Failure   Level
 Summon Small Mammal      Summ           0%         N/A       54%         1
 Call Canine Familiar     Summ           0%         N/A       89%         3
 Stone Arrow              Conj/Erth      0%         3d7       89%         3
 Summon Guardian Golem    Hex/Summ       0%         N/A       89%         3
 Animate Armour           Summ/Erth      0%         N/A       100%        4
 Lehudib's Crystal Spear  Conj/Erth      0%         10d2      100%        8


Dungeon Overview and Level Annotations

Branches:
Dungeon (7/15)             Temple (0/1) D:4

Altars:
Makhleb
Nemelex Xobeh
Okawaru
Qazlal
Uskayaw
Vehumet
Wu Jian
Yredelemnul

Shops:
D:4 [   D:5 !

Annotations:
D:3 2 transporters, sigtrap's ghost, amateur GrBe


Innate Abilities, Weirdness & Mutations

You have a pair of small antennae on your head.
You are partially covered in thin metallic scales. (AC +2)
You are mostly covered in sharp spines.
You regenerate magic rapidly.


Message History

You sense a monster nearby.
You sense a monster nearby.
No target in view!
You sense a monster nearby.
No target in view!
You open the door.
A centaur and a gargoyle come into view.
The centaur shouts!
You hear two shouts!
The centaur wields a +0 shortbow.
The centaur shoots an arrow.
You block the arrow.
The centaur shoots an arrow.
You block the arrow.
The centaur shoots an arrow.
You block the arrow.
You hear two shouts!
A two-headed ogre comes into view.
It is wielding a +0 giant club and a +0 giant spiked club.
The two-headed ogre is struck by your spines.
The two-headed ogre closely misses you. The two-headed ogre barely misses you.
You hit the two-headed ogre.
The two-headed ogre is moderately wounded.
Your +1 spectral club closely misses the two-headed ogre.
The two-headed ogre hits you with a +0 giant club!
The two-headed ogre hits you with a +0 giant spiked club!!
You hit the two-headed ogre.
The two-headed ogre is moderately wounded.
Your +1 spectral club hits the two-headed ogre.
You hit the two-headed ogre.
The two-headed ogre is heavily wounded.
Your +1 spectral club hits the two-headed ogre!
The two-headed ogre barely misses your +1 spectral club.
The two-headed ogre hits your +1 spectral club with a +0 giant spiked club!!
Your spectral weapon shares its damage with you!
Your +1 spectral club fades away.
* * * LOW HITPOINT WARNING * * *
The two-headed ogre shouts in stereo!
You hit the two-headed ogre but do no damage.
The two-headed ogre is severely wounded.
Your +1 spectral club barely misses the two-headed ogre.
The two-headed ogre hits you with a +0 giant club!
* * * LOW HITPOINT WARNING * * *
The two-headed ogre hits you with a +0 giant spiked club!!
You die...

#..#♣...♣♣...♣♣...♣#
#..# ♣..♣♣♣..♣♣♣.#
#..# ♣..♣ ♣..♣ ♣.#
#..# ♣..♣♣♣..♣♣♣.#
#..#♣...♣♣...♣♣...♣#
#..########.#######
#........#
#.♣.######{ #.♣@#{
#.♣(Oc9# #...####
#####


You could see a two-headed ogre, a gargoyle, a centaur and a friendly +1
spectral club (summoned).

Vanquished Creatures
  A hornet (D:7)
  Prince Ribbit (D:5)
  4 yaks (D:6)
  A water moccasin (D:5)
  2 black bears
  2 ogres
  3 centaurs
  Blork the orc (D:5)
  4 scorpions
  2 bullfrogs (D:6)
  A gnoll sergeant (D:6)
  3 wights (D:5)
  A howler monkey (D:6)
  3 hounds
  An orc priest (D:5)
  Jessica (D:2)
  Ijyb (D:5)
  An iguana (D:4)
  4 orc wizards
  12 gnolls
  10 adders
  2 shadow imps (D:6)
  An ufetubus (D:5)
  4 dart slugs
  9 orcs
  9 bats
  7 endoplasms
  6 giant cockroaches
  3 goblins
  9 hobgoblins
  2 jackals (D:1)
  4 kobolds
  5 quokkas
  10 ball pythons
  3 frilled lizards
  3 rats
136 creatures vanquished.

Vanquished Creatures (others)
  9 plants
9 creatures vanquished.

Grand Total: 145 creatures vanquished

Notes
Turn   | Place    | Note
-------+----------+-------------------------------------------
     0 | D:1      | Newt the Demonspawn Gladiator began the quest for the Orb.
     0 | D:1      | Reached XP level 1. HP: 16/16 MP: 1/1
    88 | D:1      | Reached skill level 1 in Stealth
    95 | D:1      | Found a faded altar of an unknown god.
   120 | D:1      | Prayed at the altar of an unknown god.
   120 | D:1      | Became a worshipper of Qazlal Stormbringer
   120 | D:1      | Reached * piety under Qazlal
   184 | D:1      | Gained mutation: You are partially covered in thin metallic
                  | scales. (AC +2) [demonic ancestry]
   184 | D:1      | Reached XP level 2. HP: 22/22 MP: 2/2
   899 | D:2      | Gained mutation: You regenerate magic rapidly. [demonic
                  | ancestry]
   899 | D:2      | Reached XP level 3. HP: 28/28 MP: 3/3
   904 | D:2      | Identified a scroll of acquirement
   904 | D:2      | Acquired the +1 helmet of the Planets {rElec Regen+ rCorr
                  | Str-2}
  1040 | D:2      | Identified the +2 flail "Xoig" {drain, Contam +Blink Int+5
                  | Stlth+}
  1057 | D:2      | Reached ** piety under Qazlal
  1108 | D:2      | Gained mutation: You are partially covered in sharp spines.
                  | [demonic ancestry]
  1108 | D:2      | Reached XP level 4. HP: 19/37 MP: 4/4
  1260 | D:2      | Noticed Jessica
  1263 | D:2      | Killed Jessica
  1264 | D:2      | Reached skill level 1 in Maces & Flails
  1571 | D:3      | Found a sparkling altar of Nemelex Xobeh.
  1705 | D:3      | Found a transporter.
  1932 | D:3      | Reached skill level 2 in Maces & Flails
  1932 | D:3      | Reached XP level 5. HP: 37/42 MP: 5/5
  2074 | D:3      | Noticed sigtrap's ghost (amateur GrBe)
  2078 | D:3      | Found a transporter.
  2247 | D:4      | Found an iron altar of Okawaru.
  2270 | D:4      | Reached skill level 3 in Maces & Flails
  2297 | D:4      | Found Afoig's Antique Armour Emporium.
  2501 | D:4      | Reached *** piety under Qazlal
  2502 | D:4      | Gained mutation: You have a pair of small antennae on your
                  | head. [demonic ancestry]
  2502 | D:4      | Reached XP level 6. HP: 48/48 MP: 6/6
  2564 | D:4      | Found a hide-covered altar of Uskayaw.
  2570 | D:4      | Reached skill level 4 in Maces & Flails
  2685 | D:4      | Found a staircase to the Ecumenical Temple.
  2968 | D:5      | Entered Level 5 of the Dungeon
  2982 | D:5      | Noticed a water moccasin
  2989 | D:5      | Killed a water moccasin
  2990 | D:5      | Reached skill level 5 in Maces & Flails
  3005 | D:5      | Reached skill level 1 in Evocations
  3009 | D:5      | Reached XP level 7. HP: 51/54 MP: 7/7
  3057 | D:5      | Found Pyopicwe's Distillery.
  3060 | D:5      | Noticed Blork the orc
  3067 | D:5      | Killed Blork the orc
  3108 | D:5      | Noticed Prince Ribbit
  3126 | D:5      | Killed Prince Ribbit
  3259 | D:5      | Reached skill level 5 in Evocations
  3488 | D:5      | Reached XP level 8. HP: 60/60 MP: 10/10
  3515 | D:5      | Reached skill level 5 in Invocations
  3655 | D:5      | Noticed Ijyb
  3657 | D:5      | Found a radiant altar of Vehumet.
  3667 | D:5      | HP: 2/60 [Ijyb/bolt of acid (20)]
  3758 | D:6      | Reached skill level 1 in Armour
  4075 | D:5      | Found a basalt altar of Yredelemnul.
  4084 | D:5      | Found a burning altar of Makhleb.
  4243 | D:5      | Killed Ijyb
  4361 | D:6      | Reached skill level 5 in Armour
  4368 | D:6      | Gained mutation: You are mostly covered in sharp spines.
                  | [demonic ancestry]
  4368 | D:6      | Reached XP level 9. HP: 46/65 MP: 11/13
  4576 | D:6      | Reached skill level 6 in Maces & Flails
  4995 | D:7      | Found an ornate altar of the Wu Jian Council.
  4997 | D:7      | Paralysed by a hornet for 1 turns
  5280 | D:7      | Reached skill level 7 in Maces & Flails
  5416 | D:7      | Noticed a gargoyle
  5418 | D:7      | Noticed a two-headed ogre
  5423 | D:7      | Demolished by a two-headed ogre

Illustrated notes

Levels and vault maps discovered:
D:1:      dpeg_arrival_refuge, layout_basic,
          shapermc_ecumenical_altar_starsandcircs
D:2:      layout_rooms, serial_glass, glass_columns_a, glass_columns_a,
          uniq_jessica
D:3:      layout_basic, mainiacjoe_overflow_surrounded_room,
          gammafunk_ghost_gnarly_gnolls, minmay_shallow_snake_nest
D:4:      layout_basic, lemuel_doored_altar, amcnicky_altar_gilded,
          minmay_temple_entry_enclosed_plants, kennysheep_windowed_goal
D:5:      layout_loops_ring, amethyst_overflow_temple_binary,
          vehumet_altar_wand_db, serial_shops, nicolae_take_the_stairs,
          uniq_ijyb, uniq_blork_the_orc, uniq_prince_ribbit1
D:6:      layout_cave_pools, kennysheep_generic_room_7
D:7:      nzn_winding_woodlands_small [nzn_winding_woodlands_5x15_pool,
          nzn_winding_woodlands_center_lodge,
          nzn_winding_woodlands_5x15_zeroes], layout_basic,
          nicolae_wu_jian_wuxing_cycle, kennysheep_generic_room_10

Skill      XL: |  1  2  3  4  5  6  7  8  9 |
---------------+----------------------------+-----
Stealth        | 1 2 |  2.0
Fighting       | 3 4 |  4.0
Maces & Flails | 2 3 5 7 |  7.2
Evocations     | 2 5 |  5.0
Invocations    | 3 6 |  6.0
Armour         | 5 6 |  6.0
Short Blades   | |  2.6
Throwing       | |  1.7
Dodging        | |  2.6

Action                     |  1- 3 |  4- 6 |  7- 9 || total
---------------------------+-------+-------+-------++-------
  Melee: Rapier            |   113 |       |       ||   113
         Flail             |    12 |   102 |    82 ||   196
         Club              |       |       |    89 ||    89
  Throw: Javelin           |     2 |       |     4 ||     6
         Throwing net      |       |       |     2 ||     2
 Invoke: Upheaval          |       |       |     1 ||     1
    Use: Scroll            |     4 |     5 |     4 ||    13
         Potion            |     2 |       |     3 ||     5
   Stab: Distracted        |       |       |     1 ||     1
 Armour: Leather armour    |    62 |    30 |    22 ||   114
  Dodge: Dodged            |   104 |    48 |   108 ||   260
  Block: Other             |    10 |     1 |       ||    11
         Buckler           |       |    32 |    73 ||   105

Table legend: (Time is in decaauts)
 A = Elapsed time spent in this place.
 B = Non-inter-level travel time spent in this place.
 C = Inter-level travel time spent in this place.
 D = Time resting spent in this place.
 E = Time spent auto-exploring this place.
 F = Levels seen in this place.
 G = Mean time per level.
                   A        B        C        D        E       F      G
               +--------+--------+--------+--------+--------+-----+--------+
         Total |   5494 |   5283 |    211 |    681 |   3572 |   7 |  784.9 |
       Dungeon |   5494 |   5283 |    211 |    681 |   3572 |   7 |  784.9 |
               +--------+--------+--------+--------+--------+-----+--------+

Top non-repeatable levels by time:
     D:5: 1090 daAuts
     D:6: 960 daAuts
     D:1: 905 daAuts
     D:4: 766 daAuts
     D:3: 755 daAuts
     D:2: 584 daAuts
     D:7: 432 daAuts
